 Dungeon Crawl Stone Soup version 0.27-a0-1529-g1e82c303ef (webtiles) character file.

Game seed: 4107498943444610738

240 ipx the Digger (level 5, -10/28 HPs)
             Began as a Deep Elf Earth Elementalist on July 12, 2021.
             Mangled by an ogre (17 damage)
             ... on level 4 of the Dungeon.
             The game lasted 00:18:35 (1190 turns).

ipx the Digger (Deep Elf Earth Elementalist)        Turns: 1190, Time: 00:18:35

Health: -10/28     AC:  2    Str:  5    XL:     5   Next: 79%
Magic:  0/11       EV: 16    Int: 21    God:
Gold:   165        SH:  0    Dex: 15    Spells: 0/10 levels left

rFire    . . .     SeeInvis .   a - +1 hand axe (flame)
rCold    . . .     Faith    .   (no shield)
rNeg     . . .     Spirit   .   b - +0 robe
rPois    .         Reflect  .   (no helmet)
rElec    .         Harm     .   (no cloak)
rCorr    .         Rampage  .   (no gloves)
Will     .....                  (no boots)
Stlth    ++........             (no amulet)
HPRegen  0.09/turn              E - +4 ring of evasion
MPRegen  0.12/turn              (no ring)

@: very slightly contaminated
A: no striking features
a: no special abilities


You were on level 4 of the Dungeon.
You visited 1 branch of the dungeon, and saw 4 of its levels.

You collected 165 gold pieces.

Inventory:

Hand Weapons
 a - a +1 hand axe of flaming (weapon)
Missiles
 k - 8 boomerangs (quivered)
Armour
 b - a +0 robe (worn)
Jewellery
 l - a ring of flight
 E - a +4 ring of evasion (left hand)
Scrolls
 d - 2 scrolls of teleportation {unknown}
 e - 2 scrolls of identify {unknown}
 f - 2 scrolls of vulnerability {unknown}
 g - a scroll of summoning {unknown}
 h - a scroll of fog {unknown}
 j - a scroll of enchant armour {unknown}
 m - a scroll of enchant weapon {unknown}
Potions
 i - a potion of mutation {unknown}


   Skills:
 - Level 2.4 Dodging
 - Level 2.4 Stealth
 - Level 3.0 Spellcasting
 * Level 4.1 Conjurations
 - Level 1.1 Transmutations
 + Level 5.7 Earth Magic


You couldn't memorise any spells.
You knew the following spells:

 Your Spells              Type           Power      Damage    Failure   Level
p - Petrify               Tmut/Erth      17%        N/A       32%         4
r - Stone Arrow           Conj/Erth      46%        3d9       5%          3
w - Passwall              Tmut/Erth      14%        N/A       4%          2
z - Sandblast             Erth           54%        2d13      1%          1

Your spell library contained the following spells:

 Spells                   Type           Power      Damage    Failure   Level
 Static Discharge         Conj/Air       11%        N/A       9%          2
 Lightning Bolt           Conj/Air       5%         1d17      85%         5
 Maxwell's Capacitive Co  Air            1%         ∞         100%        8


Dungeon Overview and Level Annotations

Branches:
Dungeon (4/15)
 Temple: D:4-7

Altars:
Fedhas

Annotations:
D:4 exclusion: upstairs


Message History

Press: ? - help, Q - select action, (/) - cycle Shift-Dir - straight line, f - ogre
Aim: an ogre, wielding a +0 giant club (73% to hit)
You throw a boomerang. The boomerang hits the ogre.
The ogre is lightly wounded.
Cast which spell? (? or * to list)
The spell is quite dangerous to cast (5% risk of failure)!
Continue anyway?
Aiming: Stone Arrow (quite dangerous; 5% risk of failure)
Press: ? - help, Shift-Dir - straight line, f/p - ogre
Aim: an ogre, wielding a +0 giant club (lightly wounded, 86% to hit)
The stone arrow hits the ogre!!
The ogre is almost dead.
Casting: Stone Arrow (quite dangerous; 5% risk of failure)
Confirm with . or Enter, or press ? or * to list all spells.
The spell is quite dangerous to cast (5% risk of failure)!
Continue anyway?
Aiming: Stone Arrow (quite dangerous; 5% risk of failure)
Press: ? - help, Shift-Dir - straight line, f/p - ogre
Aim: an ogre, wielding a +0 giant club (almost dead, 86% to hit)
You miscast Stone Arrow.
You are very lightly contaminated with residual magic.
Nothing appears to happen.
Casting: Stone Arrow (quite dangerous; 5% risk of failure)
Confirm with . or Enter, or press ? or * to list all spells.
You don't have any stones to cast with.
Casting: Sandblast (safe; 1% risk of failure)
Confirm with . or Enter, or press ? or * to list all spells.
The spell is quite dangerous to cast (5% risk of failure)!
Continue anyway?
Aiming: Stone Arrow (quite dangerous; 5% risk of failure)
Press: ? - help, Shift-Dir - straight line, f/p - ogre
Aim: an ogre, wielding a +0 giant club (almost dead, 86% to hit)
The stone arrow misses the ogre.
The ogre barely misses you.
The endoplasm jiggles.
Casting: Stone Arrow (quite dangerous; 5% risk of failure)
Confirm with . or Enter, or press ? or * to list all spells.
The spell is quite dangerous to cast (5% risk of failure)!
Continue anyway?
Aiming: Stone Arrow (quite dangerous; 5% risk of failure)
Press: ? - help, Shift-Dir - straight line, f/p - ogre
Aim: an ogre, wielding a +0 giant club (almost dead, 86% to hit)
The stone arrow misses the ogre.
The ogre hits you with a +0 giant club!
Ouch! That really hurt!
You die...

#.# ##......# ##.... #.##
##.......# #..... #..###
##........###.....
.##....###
#.........##......
.....#...###
#.........##......
.....###...###
#.........##...... .....#
###...###........##.#.....
.....#
###...#........##.#.....
...O..
###JO@.......#..#.....
......
###........#.##.....
...... .............#.....
.......
.<..........##.......
.......(....>####...###
########..#### ##..# #).##
##..# #..# ##..# .. ...


You could see an ogre and an endoplasm.

Vanquished Creatures
  An ogre (D:4)
  8 gnolls
  An adder (D:2)
  3 dart slugs
  3 orcs (D:4)
  4 bats
  6 endoplasms
  A giant cockroach (D:1)
  5 goblins (D:1)
  3 hobgoblins
  7 jackals
  2 kobolds
  4 quokkas
  3 ball pythons
  2 frilled lizards (D:1)
  7 rats
  A toadstool (D:2)
61 creatures vanquished.

Vanquished Creatures (others)
  A fungus (D:2)
  4 toadstools (D:2)
5 creatures vanquished.

Grand Total: 66 creatures vanquished

Notes
Turn   | Place    | Note
-------+----------+-------------------------------------------
     0 | D:1      | ipx the Deep Elf Earth Elementalist began the quest for the
                  | Orb.
     0 | D:1      | Reached XP level 1. HP: 10/10 MP: 6/6
   113 | D:1      | Reached skill level 4 in Earth Magic
   113 | D:1      | Reached XP level 2. HP: 12/15 MP: 2/8
   198 | D:1      | Learned a level 2 spell: Passwall
   342 | D:2      | Reached XP level 3. HP: 18/19 MP: 7/9
   346 | D:2      | Learned a level 3 spell: Stone Arrow
   509 | D:2      | Reached skill level 1 in Conjurations
   518 | D:2      | Reached skill level 5 in Earth Magic
   526 | D:2      | Reached XP level 4. HP: 24/24 MP: 3/10
   820 | D:3      | Found a blossoming altar of Fedhas.
   974 | D:4      | Reached XP level 5. HP: 13/28 MP: 2/11
  1002 | D:4      | Noticed an ogre
  1025 | D:4      | Killed an ogre
  1033 | D:4      | Learned a level 4 spell: Petrify
  1121 | D:4      | HP: 1/28 [orc (1)]
  1171 | D:4      | Noticed an ogre
  1190 | D:4      | Mangled by an ogre

Illustrated notes

Levels and vault maps discovered:
D:1:      minmay_arrival_nine_rooms, layout_basic, serial_glass,
          glass_columns_b, glass_columns_b
D:2:      layout_loops_corners, minmay_gold_behind_fungi, minmay_misc_feat_rows,
          st_stairs_8
D:3:      layout_rooms, tso_oasis_becter, fedhas_altar_3
D:4:      layout_cave_pods, amcnicky_mini_corridor_feature,
          hangedman_abyss_or_decor_lesser_grid

Skill      XL: |  1  2  3  4  5 |
---------------+----------------+-----
Earth Magic    | 4 5 |  5.7
Conjurations   | 1 3 4 |  4.1
Dodging        | |  2.4
Stealth        | |  2.4
Spellcasting   | |  3.0
Transmutations | |  1.1

Action                   |  1- 3 |  4- 6 || total
-------------------------+-------+-------++-------
Melee: Unarmed           |     1 |       ||     1
       Dagger            |    23 |       ||    23
       Hand axe          |       |    43 ||    43
Throw: Boomerang         |       |     4 ||     4
 Cast: Sandblast         |    27 |    28 ||    55
       Passwall          |     1 |       ||     1
       Stone Arrow       |     1 |     7 ||     8
 Stab: Sleeping          |     1 |       ||     1
Armor: Robe              |     7 |     6 ||    13
Dodge: Dodged            |    18 |    48 ||    66

Table legend: (Time is in decaauts)
 A = Elapsed time spent in this place.
 B = Non-inter-level travel time spent in this place.
 C = Inter-level travel time spent in this place.
 D = Time resting spent in this place.
 E = Time spent auto-exploring this place.
 F = Levels seen in this place.
 G = Mean time per level.
                   A        B        C        D        E       F      G
               +--------+--------+--------+--------+--------+-----+--------+
         Total |   1207 |   1165 |     42 |      0 |      0 |   4 |  301.8 |
       Dungeon |   1207 |   1165 |     42 |      0 |      0 |   4 |  301.8 |
               +--------+--------+--------+--------+--------+-----+--------+

Top non-repeatable levels by time:
     D:1: 462 daAuts
     D:2: 363 daAuts
     D:4: 251 daAuts
     D:3: 131 daAuts
